 Dungeon Crawl Stone Soup version 0.31.0-11-ge490571c62 (webtiles) character file.

Game seed: 13394586791319633493

158 Minsecho the Ducker (level 5, -1/28 HPs)
             Began as a Spriggan Monk on Jan 30, 2024.
             Succumbed to a kobold brigand's curare-tipped dart
             ... in a sewer.
             The game lasted 00:05:06 (2496 turns).

Minsecho the Ducker (Spriggan Monk)                 Turns: 2496, Time: 00:05:06

Health: -1/28      AC:  3    Str:  9      XL:     5   Next: 16%
Magic:  6/6        EV: 19    Int: 12      God:
Gold:   125        SH:  0    Dex: 16 (17) Spells: 4/4 levels left

rFire   . .          .
                       - Unarmed
rCold   . . .        c - orb {light}
rNeg    . . .        a - +0 robe
rPois   .            (helmet restricted)
rElec   .            n - +0 cloak
rCorr   .            (gloves unavailable)
SInv    +            (boots unavailable)
Will    .....        (no amulet)
Stlth   +            (no ring)
HPRegen 0.24/turn    (no ring)
MPRegen 0.10/turn

%: no passive effects
@: lethally poisoned (-1 -> -4), slowed, glowing, quick
A: very small, no large weapons, unfitting armour, see invisible, speed 3
a: no special abilities


You were in a sewer.
You visited 1 branch of the dungeon, and saw 3 of its levels.
You also visited: Sewer.

You collected 125 gold pieces.

Inventory:

Missiles
 b - 2 poisoned darts (quivered)
Armour
 a - a +0 robe (worn)
 c - an orb of light (worn)
 n - a +0 cloak (worn)
Jewellery
 g - an amulet of the acrobat
Scrolls
 d - 3 scrolls of enchant weapon
Potions
 e - a potion of magic


   Skills:
 + Level 3.0 Fighting
 + Level 5.0 Dodging
 + Level 1.0 Stealth
 + Level 4.0 Unarmed Combat


You had 4 spell levels left.
You didn't know any spells.
Your spell library was empty.

Dungeon Overview and Level Annotations

Branches:
Dungeon (3/15)              Sewer (1/1)

Altars:

Shops:
D:1 =


Innate Abilities, Weirdness & Mutations

You are very small and have problems with some larger weapons.
You are too small for most types of armour.
You have supernaturally acute eyesight. (SInv)
You cover ground extremely quickly. (Speed+++)


Message History

The kobold completely misses you.
You hit the kobold brigand.
The kobold brigand is heavily wounded.
The kobold brigand closely misses you. The kobold closely misses you.
The kobold splashes around in the water.
Press: ? - help, v - describe, . - travel
Here: a kobold, wielding a +4 dagger (haloed) Some shallow water.
Unknown command.
Okay, then.
The kobold brigand hits you with a +0 short sword.
You enter the shallow water.
Moving in this stuff is going to be slow.
The kobold brigand throws a curare-tipped dart.
The curare-tipped dart closely misses you.
The kobold attacks as it pursues you! The kobold completely misses you.
You enter the shallow water.
Moving in this stuff is going to be slow.
The kobold throws a stone.
The stone misses you.
You enter the shallow water.
Moving in this stuff is going to be slow.
The kobold brigand throws a curare-tipped dart.
The curare-tipped dart hits you.
You are poisoned.
You have difficulty breathing.
* * * LOW HITPOINT WARNING * * *
You feel yourself slow down.
* * * LOW HITPOINT WARNING * * *
You feel very sick.
Okay, then.
Throw: 3 darts (poison)
Press: ? - help, Q - select action Shift-Dir - straight line, f/p - kobold brigand
Aim: a kobold brigand, wielding a +0 short sword and quivering curare-tipped darts (heavily wounded, 50% to hit)
You throw a poisoned dart.
The poisoned dart barely misses the kobold brigand.
* * * LOW HITPOINT WARNING * * *
You feel sick.
Okay, then.
Okay, then.
You die...

#~(.~~...∩..~~~~~~#
#~~~~.~......~~~~~#
#~KK~..~.∩..~~~.~~# ###
##~~..~.~...~~..~~.## )~#####
##~.~.~..K~~.~..~~~.~#*
#~~~~~####..~~##~~..~~~~.##.~..#*
~.###.~.~~~~~####~~.~~~~##*#~~.~~
### #~~~~.~~.# ##~~.~.~~## *~..~~
~~###~~~~..~####@.~~~~~~~###*.~..
#~~~~~########~~.~~~.~~~~~~#**###
~.##### #.~...#####~~~~~# ###
#....## ##..~~# ########...####
*#.~~# ########.~~#### *..~#
########~~~#### *.~.#
########~~~#### **~~~#*
#######.~~~~### *~~,~~*


You could see a kobold.

Vanquished Creatures
  A kobold brigand (Sewer)
  An adder (D:3)
  2 river rats (Sewer)
  A ribbon worm (D:3)
  A dart slug (D:1)
  4 ball pythons
  6 endoplasms
  6 giant cockroaches
  2 hobgoblins (D:1)
  4 jackals
  6 bats
  5 frilled lizards
  8 goblins
  6 kobolds
  4 rats
57 creatures vanquished.

Notes
Turn   | Place    | Note
-------+----------+-------------------------------------------
     0 | D:1      | Minsecho the Spriggan Monk began the quest for the Orb.
     0 | D:1      | Reached XP level 1. HP: 11/11 MP: 2/2
   118 | D:1      | Reached XP level 2. HP: 9/16 MP: 3/3
   816 | D:1      | Reached XP level 3. HP: 19/19 MP: 4/4
   879 | D:1      | Found Ovunoil's Jewellery Boutique.
  2006 | D:3      | Reached XP level 4. HP: 18/23 MP: 5/5
  2015 | D:3      | Found a glowing drain.
  2028 | Sewer    | Entered a sewer
  2113 | Sewer    | Noticed a kobold brigand
  2140 | Sewer    | Killed a kobold brigand
  2141 | Sewer    | Reached skill level 5 in Dodging
  2141 | Sewer    | Reached skill level 1 in Stealth
  2141 | Sewer    | Reached XP level 5. HP: 28/28 MP: 6/6
  2495 | Sewer    | HP: 1/28 [poisoned by a kobold brigand (curare-tipped
                  | dart)]
  2496 | Sewer    | Succumbed to a kobold brigand's curare-tipped dart

Illustrated notes

Levels and vault maps discovered:
D:1:      giann_wishing_wells, layout_basic, serial_shops,
          nicolae_shop_real_fake_doors, nrook_mini_vaults, minmay_tromino_i4
D:2:      layout_basic, minmay_misc_feat_hallway
D:3:      layout_basic, nemelex_diamond_rough_becter,
          mainiacjoe_sewer_entry_somewhere_in_here_1, uniq_natasha, uniq_robin
Sewer:    sewer_co_tree

Skill      XL: |  1  2  3  4  5 |
---------------+----------------+-----
Unarmed Combat | 3 4 |  4.0
Dodging        | 5 |  5.0
Stealth        | 1 |  1.0
Fighting       | 3 |  3.0

Action                     |  1- 3 |  4- 6 || total
---------------------------+-------+-------++-------
  Melee: Unarmed           |   202 |    73 ||   275
  Throw: Dart              |       |     4 ||     4
    Use: Scroll            |       |     5 ||     5
         Potion            |       |     6 ||     6
 Armour: Robe              |    51 |    25 ||    76
         Skin              |       |     2 ||     2
  Dodge: Dodged            |   157 |    49 ||   206
